WCHLSIM.com - West Coast Hockey League
Dernière mise à jour: 2024-04-24 21:11:05
html PUBLIC "-//W3C//DTD XHTML 1.0 Transitional//EN" "http://www.w3.org/TR/xhtml1/DTD/xhtml1-transitional.dtd"> WCHL - Game 1148 - EDMONTON ICE vs SASKATOON DUCKS

EDMONTON ICE vs SASKATOON DUCKS

Created - 30 mars 2020 at 10:10

Goals
1 2 3 T
EDMONTON ICE 3 2 1 6
SASKATOON DUCKS 0 4 0 4
Shots
1 2 3 T
EDMONTON ICE 19 15 9 43
SASKATOON DUCKS 2 5 4 11

1st period

1. EDMONTON ICE , Jaden Schwartz 25 (Boone Jenner 33) at 3:31 (PP)
2. EDMONTON ICE , Olli Maatta 4 (Anthony Mantha 46, Ryan O'Reilly 44) at 13:27 (PP)
3. EDMONTON ICE , Ondrej Kase 11 (Tanner Pearson 16, Jaden Schwartz 25) at 15:54

Penalties :
Joseph Morrow (SAS) for Tripping (Minor) at 3:05, Jake McCabe (SAS) for High sticking (Minor) at 4:16, Jake McCabe (SAS) for Hooking (Minor) at 12:09, P.K. Subban (SAS) for Hooking (Minor) at 13:44, P.K. Subban (SAS) for Hooking (Minor) at 18:20

2nd period

4. SASKATOON DUCKS , Markus Granlund 15 (Ryan Strome 23, Ryan McDonagh 42) at 2:20
5. EDMONTON ICE , Colton Parayko 8 (Patric Hornqvist 39, Jaden Schwartz 26) at 2:43
6. SASKATOON DUCKS , Ondrej Palat 13 (Ryan McDonagh 43) at 5:20 (PP)
7. SASKATOON DUCKS , Markus Granlund 16 (Ryan Strome 24) at 6:02
8. SASKATOON DUCKS , Ondrej Palat 14 (Vladislav Namestnikov 13) at 9:37
9. EDMONTON ICE , Jaden Schwartz 26 (Boone Jenner 34) at 15:43 (PP)

Penalties :
Boone Jenner (EDM) for Hooking (Minor) at 3:56, Callum Booth (SAS) for Slashing (Minor) at 13:52 - P.K. Subban served the penalty.

3rd period

10. EDMONTON ICE , Tanner Pearson 14 (Ondrej Kase 14, Jack Johnson 11) at 3:54

Penalties :
P.K. Subban (SAS) for Tripping (Minor) at 1:35, Martin Hanzal (SAS) for Hooking (Minor) at 9:04, Tanner Pearson (EDM) for Tripping (Minor) at 18:54

Goalie Stats

Jake Allen (EDM), 7 saves from 11 shots - (0,636), W, 38-29-2, 60:00 minutes
Callum Booth (SAS), 32 saves from 38 shots - (0,842), L, 2-6-0, 43:54 minutes
Jordan Binnington (SAS), 5 saves from 5 shots - (1,000), 16:06 minutes

Players Stats for EDMONTON ICE

Player Name              G  A  P  +/- PIM S  H  SB GA TA FO     MP     PP MP  PK MP  
------------------------------------------------------------------------------------
Andrew MacDonald         0  0  0   2  0   0  1  0  0  0  0/0    14:31   0:34   1:23 
Anthony Mantha           0  1  1   0  0   4  1  0  0  0  0/1    23:05   6:31   1:02 
Boone Jenner             0  2  2  -1  2   3  0  0  0  0  18/27  20:19   6:59   0:00 
Calvin De Haan           0  0  0   1  0   0  0  0  0  0  0/0    14:25   0:00   1:06 
Colton Parayko           1  0  1  -2  0   1  1  0  0  0  0/0    23:45   6:59   0:00 
Eric Fehr                0  0  0   1  0   0  0  0  0  0  4/7     7:58   0:00   1:17 
Jack Johnson             0  1  1   2  0   0  1  0  0  0  0/0    13:40   0:00   1:06 
Jaden Schwartz           2  2  4  -1  0   5  1  0  0  0  1/1    20:00   6:59   0:00 
Jeff Petry               0  0  0   0  0   1  3  0  0  0  0/0    21:53   7:12   0:00 
Loui Eriksson            0  0  0  -1  0   0  2  0  0  0  0/1     4:39   0:00   0:33 
Markus Nutivaara         0  0  0  -3  0   0  0  0  0  0  0/0     9:45   6:18   0:00 
Olli Maatta              1  0  1   0  0   1  0  2  0  0  0/0    22:01   5:57   1:23 
Ondrej Kase              1  1  2   2  0   4  0  0  0  0  2/3    13:12   0:13   1:12 
Patric Hornqvist         0  1  1  -1  0   8  2  0  0  0  4/5    23:58   6:59   0:00 
Ryan O'Reilly            0  1  1   0  0   9  0  0  0  0  18/24  21:38   6:31   0:00 
Tanner Pearson           1  1  2   1  2   2  1  0  0  0  0/0    16:21   0:00   0:54 
Timo Meier               0  0  0   0  0   5  1  0  0  0  3/6    25:11   6:18   0:00 
Valtteri Filppula        0  0  0   0  0   0  0  0  0  0  1/2     1:08   0:00   0:00 

Players Stats for SASKATOON DUCKS

Player Name              G  A  P  +/- PIM S  H  SB GA TA FO     MP     PP MP  PK MP  
------------------------------------------------------------------------------------
Anthony Duclair          0  0  0   2  0   0  1  0  0  0  2/3    12:56   0:50   0:00 
Charles Hudon            0  0  0  -1  0   0  2  0  0  0  0/2    10:45   0:00   6:47 
Christian Wolanin        0  0  0   0  0   0  0  0  0  0  0/0    21:57   0:00   4:47 
Derek Forbort            0  0  0   0  0   0  3  3  0  0  0/0    23:09   1:24   7:33 
Dylan Strome             0  0  0   0  0   3  0  0  0  0  7/16   15:36   0:34   1:51 
Jake McCabe              0  0  0   0  4   0  6  2  0  0  0/0    19:52   1:05   5:36 
Jakub Vrana              0  0  0   0  0   0  0  0  0  0  0/0    14:42   1:05   0:16 
Joseph Morrow            0  0  0   0  2   0  3  0  0  0  0/0    17:52   0:00   5:14 
Markus Granlund          2  0  2   2  0   4  0  2  0  0  8/24   19:56   1:24   6:27 
Martin Hanzal            0  0  0  -1  2   1  0  0  0  0  5/13    9:16   0:00   5:19 
Ondrej Palat             2  0  2  -1  0   2  0  0  0  0  0/1    16:11   1:24   0:00 
P.K. Subban              0  0  0   0  6   0  1  1  0  0  0/0    20:01   1:05   1:49 
Robert Fabbri            0  0  0  -1  0   0  0  0  0  0  0/2     3:02   0:00   0:20 
Ryan McDonagh            0  2  2   0  0   0  2  1  0  0  0/0    16:36   1:24   1:34 
Ryan Strome              0  2  2   2  0   0  1  1  0  0  1/2    13:10   1:05   0:00 
Vladislav Namestnikov    0  1  1  -1  0   0  0  0  0  0  3/14   14:47   0:00   0:00 
Warren Foegele           0  0  0  -1  0   0  0  0  0  0  0/0    14:47   0:00   0:00 
William Nylander         0  0  0   0  0   1  1  0  0  0  0/0    21:48   1:05   6:27 

3 Stars

1 - Jaden Schwartz (EDM)
2 - Markus Granlund (SAS)
3 - Ondrej Kase (EDM)

Power Play

EDMONTON ICE - 3 on 8 Attempt(s) - 37,50%
SASKATOON DUCKS - 1 on 2 Attempt(s) - 50,00%

Penalty Kill

EDMONTON ICE - 1 on 2 Attempt(s) - 50,00% - Score 0 goal in Penalty Kill
SASKATOON DUCKS - 5 on 8 Attempt(s) - 62,50% - Score 0 goal in Penalty Kill

Team Stat

EDMONTON ICE - Hits : 14 - Faceoff Wins : 51 - Blocked Shots : 2 - Penalty Minutes : 4
SASKATOON DUCKS - Hits : 20 - Faceoff Wins : 26 - Blocked Shots : 10 - Penalty Minutes : 16

Official

Referees : Alex Garon and Brad Meier
Linesman : Paul Simeon and Paul Reid

Game Notes

Valtteri Filppula is injured at 2:30 of 1st period (Bruised Left Foot)
Robert Fabbri is injured at 19:08 of 2nd period (Sprained Left Ankle)
Jordan Binnington enters game at 3:54 of 3rd period

Finance

Level 1 -- Attendance: 6600 (100,00%) -- Ticket Income 792 000 $
Level 2 -- Attendance: 5436 (97,07%) -- Ticket Income 407 700 $
Level 3 -- Attendance: 2200 (100,00%) -- Ticket Income 121 000 $
Level 4 -- Attendance: 4600 (100,00%) -- Ticket Income 161 000 $
Luxury Box -- Attendance: 1000 (100,00%) -- Ticket Income 240 000 $
Total Attendance: 19836 (99,18%)
Total Ticket Income: 1 721 700 $
Other Income: 516 510 $
Total Income: 2 238 210 $

EDMONTON ICE

5 vs 5 Forward 
   Center                   Left Wing                Right Wing               Time % Phy DF OF 
 1 Ryan O'Reilly            Anthony Mantha           Timo Meier               35     0   2  3  
 2 Boone Jenner             Jaden Schwartz           Patric Hornqvist         34     1   2  2  
 3 Valtteri Filppula        Tanner Pearson           Ondrej Kase              24     0   3  2  
 4 Eric Fehr                Tanner Pearson           Loui Eriksson            7      0   3  2  

5 vs 5 Defense 
   Defense                  Defense                                           Time % Phy DF OF 
 1 Olli Maatta              Jeff Petry                                        36     1   2  2  
 2 Calvin De Haan           Colton Parayko                                    34     0   3  2  
 3 Jack Johnson             Andrew MacDonald                                  23     0   4  1  
 4 Markus Nutivaara         Colton Parayko                                    7      1   2  2  

PowerPlay Forward 
   Center                   Left Wing                Right Wing               Time % Phy DF OF 
 1 Ryan O'Reilly            Anthony Mantha           Timo Meier               55     0   1  4  
 2 Boone Jenner             Jaden Schwartz           Patric Hornqvist         45     0   2  3  

PowerPlay Defense
   Defense                  Defense                                           Time % Phy DF OF 
 1 Jeff Petry               Colton Parayko                                    55     0   2  3  
 2 Olli Maatta              Markus Nutivaara                                  45     1   2  2  

Penalty Kill 4 Players Forward 
   Center                   Wing                     Time % Phy DF OF 
 1 Valtteri Filppula        Tanner Pearson           60     0   4  1  
 2 Eric Fehr                Ondrej Kase              40     0   4  1  

Penalty Kill 4 Players Defense
   Defense                  Defense                  Time % Phy DF OF 
 1 Calvin De Haan           Jack Johnson             60     0   5  0  
 2 Olli Maatta              Andrew MacDonald         40     0   5  0  

Penalty Kill - 3 Players Forward 
   Forward                                           Time % Phy DF OF 
 1 Valtteri Filppula                                 55     0   5  0  
 2 Eric Fehr                                         45     0   5  0  

Penalty Kill - 3 Players Defense
   Defense                  Defense                  Time % Phy DF OF 
 1 Calvin De Haan           Jack Johnson             55     0   5  0  
 2 Olli Maatta              Andrew MacDonald         45     0   5  0  

4 vs 4 Forward 
   Center                   Wing                     Time % Phy DF OF 
 1 Valtteri Filppula        Ondrej Kase              55     0   3  2  
 2 Boone Jenner             Tanner Pearson           45     1   2  2  

4 vs 4 Defense
   Defense                  Defense                  Time % Phy DF OF 
 1 Andrew MacDonald         Colton Parayko           55     0   3  2  
 2 Jack Johnson             Andrew MacDonald         45     1   2  2  

Last Minutes Offensive
   Center                   Left Wing                Right Wing               Defense                  Defense                  
   Ryan O'Reilly            Anthony Mantha           Timo Meier               Jeff Petry               Colton Parayko           

Last Minutes Defensive
   Center                   Left Wing                Right Wing               Defense                  Defense                  
   Boone Jenner             Jaden Schwartz           Timo Meier               Colton Parayko           Jeff Petry               

Goaltenders
Starting : Jake Allen               
Backup : Philipp Grubauer         

Extra Forwards
Normal : Patric Hornqvist, Ondrej Kase, Timo Meier - PP : Timo Meier, Ondrej Kase - PK : Ondrej Kase
Extra Defensemen
Normal : Olli Maatta, Jeff Petry, Colton Parayko - PP : Andrew MacDonald - PK : Jeff Petry, Andrew MacDonald
Penalty Shots
Ryan O'Reilly, Timo Meier, Anthony Mantha, Patric Hornqvist, Ondrej Kase
Custom OT Lines Forwards
Ryan O'Reilly, Timo Meier, Anthony Mantha, Jaden Schwartz, Tanner Pearson, Patric Hornqvist, Boone Jenner, Ondrej Kase, Valtteri Filppula, Loui Eriksson
Custom OT Lines Defensemen
Jeff Petry, Olli Maatta, Colton Parayko, Markus Nutivaara, Andrew MacDonald

Scratches
Kasperi Kapanen (Left Eye Injury), Oscar Lindberg (Healthy)

SASKATOON DUCKS

5 vs 5 Forward 
   Center                   Left Wing                Right Wing               Time % Phy DF OF 
 1 Vladislav Namestnikov    Ondrej Palat             Warren Foegele           36     0   0  5  
 2 Dylan Strome             Jakub Vrana              William Nylander         31     1   2  2  
 3 Markus Granlund          Anthony Duclair          Ryan Strome              23     1   2  2  
 4 Martin Hanzal            Robert Fabbri            Charles Hudon            10     1   2  2  

5 vs 5 Defense 
   Defense                  Defense                                           Time % Phy DF OF 
 1 P.K. Subban              Christian Wolanin                                 36     1   2  2  
 2 Derek Forbort            Jake McCabe                                       31     1   2  2  
 3 Joseph Morrow            Ryan McDonagh                                     23     1   2  2  
 4 Ryan McDonagh            Joseph Morrow                                     10     1   2  2  

PowerPlay Forward 
   Center                   Left Wing                Right Wing               Time % Phy DF OF 
 1 Ryan Strome              Jakub Vrana              William Nylander         55     0   0  5  
 2 Dylan Strome             Ondrej Palat             Markus Granlund          45     0   0  5  

PowerPlay Defense
   Defense                  Defense                                           Time % Phy DF OF 
 1 Ryan McDonagh            Derek Forbort                                     55     1   2  2  
 2 P.K. Subban              Jake McCabe                                       45     1   2  2  

Penalty Kill 4 Players Forward 
   Center                   Wing                     Time % Phy DF OF 
 1 Markus Granlund          William Nylander         55     1   2  2  
 2 Martin Hanzal            Charles Hudon            45     1   2  2  

Penalty Kill 4 Players Defense
   Defense                  Defense                  Time % Phy DF OF 
 1 Christian Wolanin        Joseph Morrow            55     1   2  2  
 2 Derek Forbort            Jake McCabe              45     1   2  2  

Penalty Kill - 3 Players Forward 
   Forward                                           Time % Phy DF OF 
 1 Markus Granlund                                   55     1   2  2  
 2 Ondrej Palat                                      45     1   2  2  

Penalty Kill - 3 Players Defense
   Defense                  Defense                  Time % Phy DF OF 
 1 Joseph Morrow            Ryan McDonagh            55     1   2  2  
 2 Derek Forbort            Joseph Morrow            45     1   2  2  

4 vs 4 Forward 
   Center                   Wing                     Time % Phy DF OF 
 1 Markus Granlund          Ondrej Palat             55     1   2  2  
 2 Robert Fabbri            Dylan Strome             45     1   2  2  

4 vs 4 Defense
   Defense                  Defense                  Time % Phy DF OF 
 1 Ryan McDonagh            Christian Wolanin        55     1   2  2  
 2 Derek Forbort            Jake McCabe              45     1   2  2  

Last Minutes Offensive
   Center                   Left Wing                Right Wing               Defense                  Defense                  
   Dylan Strome             Jakub Vrana              William Nylander         Ryan McDonagh            P.K. Subban              

Last Minutes Defensive
   Center                   Left Wing                Right Wing               Defense                  Defense                  
   Vladislav Namestnikov    Ondrej Palat             Markus Granlund          Ryan McDonagh            Derek Forbort            

Goaltenders
Starting : Callum Booth             
Backup : Jordan Binnington        

Extra Forwards
Normal : William Nylander, Jakub Vrana, Dylan Strome - PP : Anthony Duclair, Markus Granlund - PK : Markus Granlund
Extra Defensemen
Normal : Derek Forbort, P.K. Subban, Christian Wolanin - PP : Christian Wolanin - PK : P.K. Subban, Christian Wolanin
Penalty Shots
Dylan Strome, Ryan Strome, Anthony Duclair, William Nylander, Ondrej Palat
Custom OT Lines Forwards
William Nylander, Ryan Strome, Jakub Vrana, Markus Granlund, Ondrej Palat, Vladislav Namestnikov, Dylan Strome, Anthony Duclair, Charles Hudon, Martin Hanzal
Custom OT Lines Defensemen
Ryan McDonagh, Christian Wolanin, Derek Forbort, Jake McCabe, P.K. Subban

Scratches
Mason Geertsen (Healthy), Mathew Dumba (Abdominal Strain Injury), Jonathan Quick (Healthy)

% Time on Ice - EDMONTON ICE

Lines # - Real PCT - Wanted PCT - Time Play
Normal Forward
1 - 34% - 35% - 15:07
2 - 30% - 34% - 13:01
3 - 27% - 24% - 11:47
4 - 9% - 7% - 4:06
Normal Defense
1 - 33% - 36% - 14:41
2 - 30% - 34% - 13:19
3 - 29% - 23% - 12:34
4 - 8% - 7% - 3:27
PP Forward
1 - 48% - 55% - 6:31
2 - 52% - 45% - 6:59
PP Defense
1 - 53% - 55% - 7:12
2 - 47% - 45% - 6:18
PK Forward
1 - 100% - 60% - 2:29
2 - 0% - 40% - 0:00
PK Defense
1 - 44% - 60% - 1:06
2 - 56% - 40% - 1:23
PK3 Forward
1 - 0% - 55%
2 - 0% - 45%
PK3 Defense
1 - 0% - 55%
2 - 0% - 45%
44 Forward
1 - 0% - 55%
2 - 0% - 45%
44 Defense
1 - 0% - 55%
2 - 0% - 45%
Last Minute Offensive  - 0:00
Last Minute Defensive  - 0:00
Total
Forward - 60:00
Defense - 60:00

% Time on Ice - SASKATOON DUCKS

Lines # - Real PCT - Wanted PCT - Time Play
Normal Forward
1 - 34% - 36% - 14:47
2 - 30% - 31% - 13:11
3 - 27% - 23% - 12:05
4 - 9% - 10% - 3:58
Normal Defense
1 - 39% - 36% - 17:10
2 - 32% - 31% - 14:12
3 - 23% - 23% - 9:59
4 - 6% - 10% - 2:40
PP Forward
1 - 44% - 55% - 1:05
2 - 56% - 45% - 1:24
PP Defense
1 - 56% - 55% - 1:24
2 - 44% - 45% - 1:05
PK Forward
1 - 48% - 55% - 6:27
2 - 52% - 45% - 7:03
PK Defense
1 - 45% - 55% - 6:06
2 - 55% - 45% - 7:24
PK3 Forward
1 - 0% - 55%
2 - 0% - 45%
PK3 Defense
1 - 0% - 55%
2 - 0% - 45%
44 Forward
1 - 0% - 55%
2 - 0% - 45%
44 Defense
1 - 0% - 55%
2 - 0% - 45%
Last Minute Offensive  - 0:00
Last Minute Defensive  - 0:00
Total
Forward - 60:00
Defense - 60:00

Play-by-Play

1st period


0:01 of 1st period - Ryan O'Reilly wins face-off versus Vladislav Namestnikov in neutral zone.
1:22 of 1st period - Shot by Patric Hornqvist.
1:22 of 1st period - Stopped by Callum Booth without a rebound.
1:23 of 1st period - Dylan Strome wins face-off versus Valtteri Filppula in SASKATOON DUCKS zone.
1:23 of 1st period - Dylan Strome is hit by Jack Johnson.
1:38 of 1st period - Shot by Tanner Pearson.
1:38 of 1st period - Shot Misses the Net.
1:40 of 1st period - Shot by Jack Johnson.
1:40 of 1st period - Shot Misses the Net.
1:50 of 1st period - Shot by Ondrej Kase.
1:50 of 1st period - Shot Blocked by Jake McCabe.
2:28 of 1st period - Icing by Tanner Pearson.
2:29 of 1st period - Valtteri Filppula wins face-off versus Martin Hanzal in EDMONTON ICE zone.
2:29 of 1st period - Valtteri Filppula is hit by Charles Hudon.
2:30 of 1st period - Valtteri Filppula from EDMONTON ICE is injured at 2:30 of 1st period (Bruised Left Foot).
2:31 of 1st period - Boone Jenner wins face-off versus Markus Granlund in EDMONTON ICE zone.
2:33 of 1st period - Jaden Schwartz is hit by Joseph Morrow and loses puck.
2:37 of 1st period - Calvin De Haan is hit by Joseph Morrow and loses puck.
2:46 of 1st period - Shot by Patric Hornqvist.
2:46 of 1st period - Stopped by Callum Booth without a rebound.
2:47 of 1st period - Timo Meier wins face-off versus Robert Fabbri in SASKATOON DUCKS zone.
2:52 of 1st period - Shot by Timo Meier.
2:52 of 1st period - Stopped by Callum Booth without a rebound.
2:53 of 1st period - Boone Jenner wins face-off versus Martin Hanzal in SASKATOON DUCKS zone.
2:59 of 1st period - Boone Jenner is hit by Ryan McDonagh and loses puck.
3:05 of 1st period - Minor Penalty to Joseph Morrow for Tripping.
3:06 of 1st period - Ryan O'Reilly wins face-off versus Markus Granlund in SASKATOON DUCKS zone.
3:21 of 1st period - Shot by Anthony Mantha.
3:21 of 1st period - Stopped by Callum Booth without a rebound.
3:22 of 1st period - Boone Jenner wins face-off versus Martin Hanzal in SASKATOON DUCKS zone.
3:23 of 1st period - Shot by Jaden Schwartz.
3:23 of 1st period - Shot Misses the Net.
3:31 of 1st period - Shot by Jaden Schwartz.
3:31 of 1st period - Goal by Jaden Schwartz - EDMONTON ICE : 1 - SASKATOON DUCKS : 0.
3:32 of 1st period - Ryan O'Reilly wins face-off versus Dylan Strome in neutral zone.
4:02 of 1st period - Shot by Ryan O'Reilly.
4:02 of 1st period - Stopped by Callum Booth without a rebound.
4:03 of 1st period - Boone Jenner wins face-off versus Markus Granlund in SASKATOON DUCKS zone.
4:03 of 1st period - Jaden Schwartz is hit by Derek Forbort and loses puck.
4:15 of 1st period - Boone Jenner is hit by Jake McCabe and loses puck.
4:16 of 1st period - Minor Penalty to Jake McCabe for High sticking.
4:17 of 1st period - Ryan O'Reilly wins face-off versus Markus Granlund in SASKATOON DUCKS zone.
4:24 of 1st period - Shot by Ryan O'Reilly.
4:24 of 1st period - Deflect By Timo Meier.
4:24 of 1st period - Stopped by Callum Booth without a rebound.
4:25 of 1st period - Markus Granlund wins face-off versus Boone Jenner in SASKATOON DUCKS zone.
4:25 of 1st period - Markus Granlund is hit by Patric Hornqvist.
4:52 of 1st period - Shot by Boone Jenner.
4:52 of 1st period - Shot Misses the Net.
5:22 of 1st period - Derek Forbort is hit by Timo Meier and loses puck.
5:27 of 1st period - Shot by Ryan O'Reilly.
5:27 of 1st period - Shot Misses the Net.
5:29 of 1st period - Shot by Ryan O'Reilly.
5:29 of 1st period - Stopped by Callum Booth without a rebound.
5:30 of 1st period - Markus Granlund wins face-off versus Timo Meier in SASKATOON DUCKS zone.
5:45 of 1st period - Shot by Anthony Mantha.
5:45 of 1st period - Shot Misses the Net.
6:11 of 1st period - Shot by Ryan O'Reilly.
6:11 of 1st period - Stopped by Callum Booth without a rebound.
6:12 of 1st period - Boone Jenner wins face-off versus Martin Hanzal in SASKATOON DUCKS zone.
6:32 of 1st period - Ondrej Palat is hit by Loui Eriksson and loses puck.
6:43 of 1st period - Ryan McDonagh is hit by Tanner Pearson.
7:33 of 1st period - Icing by Christian Wolanin.
7:34 of 1st period - Martin Hanzal wins face-off versus Anthony Mantha in SASKATOON DUCKS zone.
8:35 of 1st period - Icing by Jake McCabe.
8:36 of 1st period - Boone Jenner wins face-off versus Dylan Strome in SASKATOON DUCKS zone.
8:59 of 1st period - Shot by Patric Hornqvist.
8:59 of 1st period - Stopped by Callum Booth with a rebound.
9:13 of 1st period - Shot by Patric Hornqvist.
9:13 of 1st period - Shot Misses the Net.
9:19 of 1st period - Shot by Boone Jenner.
9:19 of 1st period - Stopped by Callum Booth without a rebound.
9:20 of 1st period - Vladislav Namestnikov wins face-off versus Timo Meier in SASKATOON DUCKS zone.
9:49 of 1st period - Shot by Vladislav Namestnikov.
9:49 of 1st period - Shot Misses the Net.
10:14 of 1st period - Off-side.
10:15 of 1st period - Markus Granlund wins face-off versus Boone Jenner in neutral zone.
10:18 of 1st period - Olli Maatta is hit by Anthony Duclair and loses puck.
10:25 of 1st period - Shot by Markus Granlund.
10:25 of 1st period - Deflect By Anthony Duclair.
10:25 of 1st period - Shot Blocked by Olli Maatta.
10:27 of 1st period - Shot by Markus Granlund.
10:27 of 1st period - Stopped by Jake Allen without a rebound.
10:28 of 1st period - Boone Jenner wins face-off versus Dylan Strome in EDMONTON ICE zone.
10:28 of 1st period - Boone Jenner is hit by William Nylander.
10:31 of 1st period - Icing by Patric Hornqvist.
10:32 of 1st period - Markus Granlund wins face-off versus Boone Jenner in EDMONTON ICE zone.
11:01 of 1st period - Icing by Ryan Strome.
11:02 of 1st period - Timo Meier wins face-off versus Markus Granlund in SASKATOON DUCKS zone.
11:06 of 1st period - Anthony Mantha is hit by Jake McCabe and loses puck.
11:15 of 1st period - Shot by Anthony Mantha.
11:15 of 1st period - Shot Misses the Net.
11:17 of 1st period - Shot by Timo Meier.
11:17 of 1st period - Shot Blocked by Derek Forbort.
11:22 of 1st period - Timo Meier is hit by Jake McCabe and loses puck.
11:30 of 1st period - Anthony Mantha is hit by Derek Forbort.
11:39 of 1st period - Timo Meier is hit by Jake McCabe and loses puck.
12:07 of 1st period - Patric Hornqvist is hit by Derek Forbort and loses puck.
12:09 of 1st period - Minor Penalty to Jake McCabe for Hooking.
12:10 of 1st period - Boone Jenner wins face-off versus Martin Hanzal in SASKATOON DUCKS zone.
12:41 of 1st period - Patric Hornqvist is hit by Joseph Morrow.
13:13 of 1st period - Shot by Ryan O'Reilly.
13:13 of 1st period - Stopped by Callum Booth without a rebound.
13:14 of 1st period - Ryan O'Reilly wins face-off versus Markus Granlund in SASKATOON DUCKS zone.
13:19 of 1st period - Shot by Ryan O'Reilly.
13:19 of 1st period - Shot Blocked by Markus Granlund.
13:21 of 1st period - Shot by Ryan O'Reilly.
13:21 of 1st period - Shot Misses the Net.
13:23 of 1st period - Shot by Anthony Mantha.
13:23 of 1st period - Shot Misses the Net.
13:25 of 1st period - Shot by Anthony Mantha.
13:25 of 1st period - Shot Misses the Net.
13:27 of 1st period - Shot by Olli Maatta.
13:27 of 1st period - Goal by Olli Maatta - EDMONTON ICE : 2 - SASKATOON DUCKS : 0.
13:28 of 1st period - Ondrej Kase wins face-off versus Vladislav Namestnikov in neutral zone.
13:42 of 1st period - Patric Hornqvist is hit by P.K. Subban and loses puck.
13:44 of 1st period - Minor Penalty to P.K. Subban for Hooking.
13:45 of 1st period - Ryan O'Reilly wins face-off versus Martin Hanzal in SASKATOON DUCKS zone.
13:48 of 1st period - Shot by Anthony Mantha.
13:48 of 1st period - Shot Misses the Net.
13:50 of 1st period - Shot by Jeff Petry.
13:50 of 1st period - Shot Misses the Net.
13:52 of 1st period - Shot by Ryan O'Reilly.
13:52 of 1st period - Stopped by Callum Booth without a rebound.
13:53 of 1st period - Boone Jenner wins face-off versus Markus Granlund in SASKATOON DUCKS zone.
15:54 of 1st period - Shot by Ondrej Kase.
15:54 of 1st period - Goal by Ondrej Kase - EDMONTON ICE : 3 - SASKATOON DUCKS : 0.
15:55 of 1st period - Eric Fehr wins face-off versus Vladislav Namestnikov in neutral zone.
17:13 of 1st period - Shot by Anthony Mantha.
17:13 of 1st period - Stopped by Callum Booth with a rebound.
17:23 of 1st period - Shot by Timo Meier.
17:23 of 1st period - Shot Blocked by Ryan McDonagh.
17:25 of 1st period - Shot by Ryan O'Reilly.
17:25 of 1st period - Shot Misses the Net.
17:54 of 1st period - Shot by Ryan Strome.
17:54 of 1st period - Shot Hit the Post.
18:07 of 1st period - Shot by Markus Granlund.
18:07 of 1st period - Stopped by Jake Allen without a rebound.
18:08 of 1st period - Eric Fehr wins face-off versus Ondrej Palat in EDMONTON ICE zone.
18:20 of 1st period - Minor Penalty to P.K. Subban for Hooking.
18:21 of 1st period - Markus Granlund wins face-off versus Ryan O'Reilly in SASKATOON DUCKS zone.
18:31 of 1st period - Off-side.
18:32 of 1st period - Boone Jenner wins face-off versus Markus Granlund in neutral zone.
18:37 of 1st period - Shot by Patric Hornqvist.
18:37 of 1st period - Deflect By Boone Jenner.
18:37 of 1st period - Stopped by Callum Booth with a rebound.
18:39 of 1st period - Shot by Olli Maatta.
18:39 of 1st period - Shot Misses the Net.
18:41 of 1st period - Shot by Jaden Schwartz.
18:41 of 1st period - Stopped by Callum Booth with a rebound.
19:55 of 1st period - Shot by Anthony Mantha.
19:55 of 1st period - Stopped by Callum Booth with a rebound.
19:57 of 1st period - Shot by Ryan O'Reilly.
19:57 of 1st period - Shot Misses the Net.
Goals for this period are 3 for EDMONTON ICE vs 0 for SASKATOON DUCKS.
Shots for this period are 19 for EDMONTON ICE vs 2 for SASKATOON DUCKS.

2nd period


0:01 of 2nd period - Ryan O'Reilly wins face-off versus Markus Granlund in neutral zone.
0:33 of 2nd period - Shot by Boone Jenner.
0:33 of 2nd period - Shot Misses the Net.
1:02 of 2nd period - Icing by P.K. Subban.
1:03 of 2nd period - Vladislav Namestnikov wins face-off versus Ryan O'Reilly in SASKATOON DUCKS zone.
2:04 of 2nd period - Shot by Patric Hornqvist.
2:04 of 2nd period - Deflect By Ondrej Kase.
2:04 of 2nd period - Shot Misses the Net.
2:06 of 2nd period - Shot by Ondrej Kase.
2:06 of 2nd period - Stopped by Callum Booth without a rebound.
2:07 of 2nd period - Anthony Duclair wins face-off versus Loui Eriksson in SASKATOON DUCKS zone.
2:20 of 2nd period - Shot by Markus Granlund.
2:20 of 2nd period - Goal by Markus Granlund - EDMONTON ICE : 3 - SASKATOON DUCKS : 1.
2:21 of 2nd period - Boone Jenner wins face-off versus Charles Hudon in neutral zone.
2:24 of 2nd period - Charles Hudon is hit by Patric Hornqvist and loses puck.
2:41 of 2nd period - Shot by Jaden Schwartz.
2:41 of 2nd period - Deflect By Patric Hornqvist.
2:41 of 2nd period - Shot Misses the Net.
2:43 of 2nd period - Shot by Colton Parayko.
2:43 of 2nd period - Goal by Colton Parayko - EDMONTON ICE : 4 - SASKATOON DUCKS : 1.
2:44 of 2nd period - Ryan O'Reilly wins face-off versus Vladislav Namestnikov in neutral zone.
3:18 of 2nd period - Ondrej Palat is hit by Jeff Petry.
3:56 of 2nd period - Minor Penalty to Boone Jenner for Hooking.
3:57 of 2nd period - Ondrej Kase wins face-off versus Ryan Strome in EDMONTON ICE zone.
5:20 of 2nd period - Shot by Ondrej Palat.
5:20 of 2nd period - Goal by Ondrej Palat - EDMONTON ICE : 4 - SASKATOON DUCKS : 2.
5:21 of 2nd period - Martin Hanzal wins face-off versus Boone Jenner in neutral zone.
5:24 of 2nd period - Jaden Schwartz is hit by Charles Hudon and loses puck.
5:46 of 2nd period - Shot by Robert Fabbri.
5:46 of 2nd period - Shot Misses the Net.
5:49 of 2nd period - Icing by Markus Nutivaara.
5:50 of 2nd period - Markus Granlund wins face-off versus Boone Jenner in EDMONTON ICE zone.
5:50 of 2nd period - Markus Granlund is hit by Colton Parayko.
6:02 of 2nd period - Shot by Markus Granlund.
6:02 of 2nd period - Goal by Markus Granlund - EDMONTON ICE : 4 - SASKATOON DUCKS : 3.
6:03 of 2nd period - Dylan Strome wins face-off versus Ryan O'Reilly in neutral zone.
6:20 of 2nd period - Shot by Ryan O'Reilly.
6:20 of 2nd period - Stopped by Callum Booth with a rebound.
6:22 of 2nd period - Shot by Ryan O'Reilly.
6:22 of 2nd period - Stopped by Callum Booth with a rebound.
6:24 of 2nd period - Shot by Timo Meier.
6:24 of 2nd period - Stopped by Callum Booth without a rebound.
6:25 of 2nd period - Patric Hornqvist wins face-off versus Vladislav Namestnikov in SASKATOON DUCKS zone.
6:28 of 2nd period - Shot by Tanner Pearson.
6:28 of 2nd period - Shot Misses the Net.
7:20 of 2nd period - Jeff Petry is hit by Jake McCabe.
7:42 of 2nd period - Shot by Dylan Strome.
7:42 of 2nd period - Stopped by Jake Allen without a rebound.
7:43 of 2nd period - Ryan O'Reilly wins face-off versus Markus Granlund in EDMONTON ICE zone.
8:05 of 2nd period - Shot by Ryan Strome.
8:05 of 2nd period - Shot Misses the Net.
9:13 of 2nd period - Icing by Derek Forbort.
9:14 of 2nd period - Boone Jenner wins face-off versus Dylan Strome in SASKATOON DUCKS zone.
9:21 of 2nd period - Shot by Jaden Schwartz.
9:21 of 2nd period - Stopped by Callum Booth without a rebound.
9:22 of 2nd period - Boone Jenner wins face-off versus Vladislav Namestnikov in SASKATOON DUCKS zone.
9:27 of 2nd period - Shot by Patric Hornqvist.
9:27 of 2nd period - Shot Misses the Net.
9:37 of 2nd period - Shot by Ondrej Palat.
9:37 of 2nd period - Goal by Ondrej Palat - EDMONTON ICE : 4 - SASKATOON DUCKS : 4.
9:38 of 2nd period - Ryan O'Reilly wins face-off versus Markus Granlund in neutral zone.
9:41 of 2nd period - Ryan McDonagh is hit by Anthony Mantha and loses puck.
10:33 of 2nd period - Icing by Ryan McDonagh.
10:34 of 2nd period - Patric Hornqvist wins face-off versus Markus Granlund in SASKATOON DUCKS zone.
10:35 of 2nd period - Shot by Tanner Pearson.
10:35 of 2nd period - Shot Blocked by Markus Granlund.
10:37 of 2nd period - Shot by Tanner Pearson.
10:37 of 2nd period - Shot Misses the Net.
12:30 of 2nd period - Shot by Boone Jenner.
12:30 of 2nd period - Shot Blocked by Ryan Strome.
13:50 of 2nd period - Shot by Ryan O'Reilly.
13:50 of 2nd period - Shot Misses the Net.
13:52 of 2nd period - Shot by Ryan O'Reilly.
13:52 of 2nd period - Stopped by Callum Booth without a rebound.
13:52 of 2nd period - Minor Penalty to Callum Booth for Slashing.
13:53 of 2nd period - Martin Hanzal wins face-off versus Ryan O'Reilly in SASKATOON DUCKS zone.
14:01 of 2nd period - Icing by Ryan O'Reilly.
14:02 of 2nd period - Ryan O'Reilly wins face-off versus Martin Hanzal in EDMONTON ICE zone.
15:23 of 2nd period - Shot by Patric Hornqvist.
15:23 of 2nd period - Stopped by Callum Booth without a rebound.
15:24 of 2nd period - Boone Jenner wins face-off versus Robert Fabbri in SASKATOON DUCKS zone.
15:39 of 2nd period - Shot by Boone Jenner.
15:39 of 2nd period - Shot Misses the Net.
15:41 of 2nd period - Shot by Jaden Schwartz.
15:41 of 2nd period - Shot Hit the Post.
15:43 of 2nd period - Shot by Jaden Schwartz.
15:43 of 2nd period - Goal by Jaden Schwartz - EDMONTON ICE : 5 - SASKATOON DUCKS : 4.
15:44 of 2nd period - Vladislav Namestnikov wins face-off versus Timo Meier in neutral zone.
17:16 of 2nd period - Christian Wolanin is hit by Andrew MacDonald.
17:59 of 2nd period - Icing by Ryan McDonagh.
18:00 of 2nd period - Boone Jenner wins face-off versus Vladislav Namestnikov in SASKATOON DUCKS zone.
18:00 of 2nd period - Jaden Schwartz is hit by Ryan McDonagh and loses puck.
18:19 of 2nd period - Shot by Boone Jenner.
18:19 of 2nd period - Stopped by Callum Booth with a rebound.
18:33 of 2nd period - Shot by Patric Hornqvist.
18:33 of 2nd period - Stopped by Callum Booth with a rebound.
18:35 of 2nd period - Shot by Patric Hornqvist.
18:35 of 2nd period - Stopped by Callum Booth with a rebound.
18:41 of 2nd period - Shot by Patric Hornqvist.
18:41 of 2nd period - Shot Blocked by Derek Forbort.
18:43 of 2nd period - Shot by Jaden Schwartz.
18:43 of 2nd period - Stopped by Callum Booth without a rebound.
18:44 of 2nd period - Eric Fehr wins face-off versus Dylan Strome in SASKATOON DUCKS zone.
18:45 of 2nd period - Shot by Anthony Mantha.
18:45 of 2nd period - Stopped by Callum Booth without a rebound.
18:46 of 2nd period - Dylan Strome wins face-off versus Boone Jenner in SASKATOON DUCKS zone.
19:04 of 2nd period - Shot by Patric Hornqvist.
19:04 of 2nd period - Stopped by Callum Booth without a rebound.
19:05 of 2nd period - Martin Hanzal wins face-off versus Eric Fehr in SASKATOON DUCKS zone.
19:07 of 2nd period - Robert Fabbri is hit by Loui Eriksson and loses puck.
19:08 of 2nd period - Robert Fabbri from SASKATOON DUCKS is injured at 19:08 of 2nd period (Sprained Left Ankle).
19:09 of 2nd period - Dylan Strome wins face-off versus Eric Fehr in neutral zone.
19:27 of 2nd period - Icing by Christian Wolanin.
19:28 of 2nd period - Dylan Strome wins face-off versus Boone Jenner in SASKATOON DUCKS zone.
Goals for this period are 2 for EDMONTON ICE vs 4 for SASKATOON DUCKS.
Shots for this period are 15 for EDMONTON ICE vs 5 for SASKATOON DUCKS.

3rd period


0:01 of 3rd period - Ryan O'Reilly wins face-off versus Vladislav Namestnikov in neutral zone.
0:35 of 3rd period - Shot by Timo Meier.
0:35 of 3rd period - Stopped by Callum Booth without a rebound.
0:36 of 3rd period - Boone Jenner wins face-off versus Dylan Strome in SASKATOON DUCKS zone.
1:08 of 3rd period - Icing by William Nylander.
1:09 of 3rd period - Ryan O'Reilly wins face-off versus Dylan Strome in SASKATOON DUCKS zone.
1:35 of 3rd period - Minor Penalty to P.K. Subban for Tripping.
1:36 of 3rd period - Markus Granlund wins face-off versus Boone Jenner in SASKATOON DUCKS zone.
2:04 of 3rd period - Icing by Colton Parayko.
2:05 of 3rd period - Boone Jenner wins face-off versus Martin Hanzal in EDMONTON ICE zone.
2:28 of 3rd period - Shot by Jeff Petry.
2:28 of 3rd period - Shot Blocked by Derek Forbort.
2:30 of 3rd period - Shot by Jeff Petry.
2:30 of 3rd period - Stopped by Callum Booth without a rebound.
2:31 of 3rd period - Ryan O'Reilly wins face-off versus Markus Granlund in SASKATOON DUCKS zone.
3:44 of 3rd period - Shot by Ondrej Kase.
3:44 of 3rd period - Shot Blocked by Jake McCabe.
3:52 of 3rd period - Shot by Ondrej Kase.
3:52 of 3rd period - Stopped by Callum Booth with a rebound.
3:54 of 3rd period - Shot by Tanner Pearson.
3:54 of 3rd period - Goal by Tanner Pearson - EDMONTON ICE : 6 - SASKATOON DUCKS : 4.
3:54 of 3rd period - Jordan Binnington enters game.
3:55 of 3rd period - Martin Hanzal wins face-off versus Patric Hornqvist in neutral zone.
4:04 of 3rd period - Shot by Martin Hanzal.
4:04 of 3rd period - Stopped by Jake Allen without a rebound.
4:05 of 3rd period - Timo Meier wins face-off versus Vladislav Namestnikov in EDMONTON ICE zone.
4:22 of 3rd period - Shot by Timo Meier.
4:22 of 3rd period - Stopped by Jordan Binnington without a rebound.
4:23 of 3rd period - Markus Granlund wins face-off versus Boone Jenner in SASKATOON DUCKS zone.
4:36 of 3rd period - Shot by Patric Hornqvist.
4:36 of 3rd period - Stopped by Jordan Binnington without a rebound.
4:37 of 3rd period - Ryan O'Reilly wins face-off versus Vladislav Namestnikov in SASKATOON DUCKS zone.
5:42 of 3rd period - William Nylander is hit by Jaden Schwartz and loses puck.
5:49 of 3rd period - Icing by Jaden Schwartz.
5:50 of 3rd period - Boone Jenner wins face-off versus Anthony Duclair in EDMONTON ICE zone.
6:12 of 3rd period - Markus Granlund is hit by Jeff Petry and loses puck.
9:04 of 3rd period - Minor Penalty to Martin Hanzal for Hooking.
9:05 of 3rd period - Jaden Schwartz wins face-off versus Markus Granlund in SASKATOON DUCKS zone.
9:58 of 3rd period - Shot by Anthony Mantha.
9:58 of 3rd period - Shot Misses the Net.
11:27 of 3rd period - Shot by Eric Fehr.
11:27 of 3rd period - Shot Misses the Net.
11:29 of 3rd period - Shot by Andrew MacDonald.
11:29 of 3rd period - Shot Blocked by P.K. Subban.
11:31 of 3rd period - Shot by Tanner Pearson.
11:31 of 3rd period - Shot Misses the Net.
11:33 of 3rd period - Shot by Tanner Pearson.
11:33 of 3rd period - Stopped by Jordan Binnington with a rebound.
12:01 of 3rd period - Shot by Ondrej Kase.
12:01 of 3rd period - Stopped by Jordan Binnington without a rebound.
12:02 of 3rd period - Ryan O'Reilly wins face-off versus Markus Granlund in SASKATOON DUCKS zone.
12:02 of 3rd period - Timo Meier is hit by Jake McCabe and loses puck.
12:17 of 3rd period - Shot by Anthony Duclair.
12:17 of 3rd period - Shot Blocked by Olli Maatta.
12:19 of 3rd period - Shot by Ryan Strome.
12:19 of 3rd period - Deflect By Anthony Duclair.
12:19 of 3rd period - Shot Misses the Net.
12:40 of 3rd period - Icing by Jeff Petry.
12:41 of 3rd period - Dylan Strome wins face-off versus Ryan O'Reilly in EDMONTON ICE zone.
12:41 of 3rd period - Dylan Strome is hit by Jeff Petry.
12:47 of 3rd period - Shot by William Nylander.
12:47 of 3rd period - Shot Misses the Net.
12:49 of 3rd period - Shot by Dylan Strome.
12:49 of 3rd period - Stopped by Jake Allen with a rebound.
12:59 of 3rd period - Shot by Dylan Strome.
12:59 of 3rd period - Deflect By Jakub Vrana.
12:59 of 3rd period - Shot Hit the Post.
13:55 of 3rd period - Shot by Ondrej Palat.
13:55 of 3rd period - Shot Misses the Net.
14:02 of 3rd period - Icing by Olli Maatta.
14:03 of 3rd period - Ryan O'Reilly wins face-off versus Charles Hudon in EDMONTON ICE zone.
15:15 of 3rd period - Icing by Ryan McDonagh.
15:16 of 3rd period - Ryan Strome wins face-off versus Eric Fehr in SASKATOON DUCKS zone.
16:04 of 3rd period - Jack Johnson is hit by Ryan Strome and loses puck.
16:08 of 3rd period - Icing by Jack Johnson.
16:09 of 3rd period - Eric Fehr wins face-off versus Vladislav Namestnikov in EDMONTON ICE zone.
16:52 of 3rd period - Off-side.
16:53 of 3rd period - Ryan O'Reilly wins face-off versus Dylan Strome in neutral zone.
16:56 of 3rd period - Shot by Ryan O'Reilly.
16:56 of 3rd period - Stopped by Jordan Binnington without a rebound.
16:57 of 3rd period - Dylan Strome wins face-off versus Ryan O'Reilly in SASKATOON DUCKS zone.
17:08 of 3rd period - Shot by William Nylander.
17:08 of 3rd period - Stopped by Jake Allen without a rebound.
17:09 of 3rd period - Patric Hornqvist wins face-off versus Markus Granlund in EDMONTON ICE zone.
17:53 of 3rd period - Icing by Jeff Petry.
17:54 of 3rd period - Patric Hornqvist wins face-off versus Dylan Strome in EDMONTON ICE zone.
18:19 of 3rd period - Shot by Dylan Strome.
18:19 of 3rd period - Stopped by Jake Allen with a rebound.
18:54 of 3rd period - Minor Penalty to Tanner Pearson for Tripping.
18:55 of 3rd period - Anthony Duclair wins face-off versus Ondrej Kase in EDMONTON ICE zone.
Goals for this period are 1 for EDMONTON ICE vs 0 for SASKATOON DUCKS.
Shots for this period are 9 for EDMONTON ICE vs 4 for SASKATOON DUCKS.


DAVID
PERRON
DREW
DOUGHTY
STEVEN
STAMKOS